Map: Baie du Roi EC

Players

Infinity - Winner!

  • Race: Protoss Protoss
  • Spawn Location: 11:00

IA (élite)

  • Race: Zerg Zerg
  • Spawn Location: 5:00

VOD

Have the link to the VOD?

Description

Time

  • Played on: April 29, 2019, 6:43 p.m.
  • Length: 5:16
Show
View Real Time Build Order
Export as new Build Order

Infinity Protoss - Winner!

Build Orders:  

Get SALT Encoding   

  12  0:04  Probe  
  13  0:16  Probe  
  14  0:21  Pylon  
  14  0:28  Probe  
  15  0:40  Probe, Gateway  
  16  0:47  Assimilator  
  16  0:52  Probe  
  17  1:05  Probe  
  18  1:13  Pylon, Probe  
  19  1:21  Probe  
  19  1:28  Cybernetics Core  
  20  1:38  Gateway  
  20  1:47  Zealot  
  22  2:06  Warp Gate, Twilight Council  
  22  2:08  Forge  
  22  2:10  Pylon  
  21  2:33  Zealot  
  21  2:35  Charge  
  23  3:04  Gateway  
  23  3:07  Gateway  
  23  3:15  Zealot x2  
  23  3:16  Protoss Ground Weapons Level 1  
  27  3:52  Pylon  
  27  3:55  Zealot x2  
  31  4:01  Zealot x2  
  35  4:15  Zealot x2  
  39  4:23  Zealot  
  39  4:24  Zealot  
  43  4:36  Zealot x2  
  45  4:48  Zealot  
  47  4:53  Pylon  
  47  4:54  Pylon  
  47  5:11  Zealot x3  
Show
View Real Time Build Order
Export as new Build Order

IA (élite) Zerg 

Build Orders: Hatch First 

Get SALT Encoding   

  12  0:00  Drone  
  13  0:13  Overlord  
  13  0:18  Drone  
  14  0:31  Drone x2  
  14  0:34  Drone  
  17  0:55  Hatchery  
  16  0:57  Drone  
  17  1:14  Spawning Pool  
  17  1:15  Extractor  
  17  1:18  Drone  
  16  1:22  Drone  
  17  1:26  Drone  
  17  1:30  Drone  
  19  1:39  Overlord  
  19  1:50  Drone  
  20  2:01  Zergling x2  
  21  2:02  Queen  
  21  2:07  Drone  
  24  2:20  Queen  
  26  2:24  Drone  
  27  2:35  Roach Warren  
  26  2:38  Drone  
  26  2:41  Extractor  
  26  2:43  Drone  
  27  2:49  Overlord  
  27  2:54  Drone  
  27  2:55  Drone  
  29  2:59  Drone  
  29  3:01  Drone  
  29  3:05  Drone  
  32  3:09  Zergling x2  
  32  3:12  Zergling x2  
  34  3:16  Roach  
  36  3:21  Roach  
  36  3:25  Roach  
  40  3:28  Roach  
  40  3:31  Drone  
  40  3:33  Drone  
  44  3:39  Overlord  
  44  3:46  Lair  
  44  3:51  Metabolic Boost  
  44  3:55  Overlord  
  44  3:58  Drone  
  44  4:00  Drone  
  46  4:03  Drone  
  46  4:05  Zergling x2  
  46  4:07  Zergling x2  
  46  4:09  Zergling x2  
  50  4:16  Drone, Evolution Chamber  
  50  4:21  Drone, Evolution Chamber  
  50  4:24  Drone  
  50  4:26  Drone  
  50  4:28  Zergling x2  
  50  4:31  Zergling x2  
  51  4:33  Zergling x2  
  51  4:36  Zergling x2  
  51  4:38  Zergling x2  
  41  4:41  Zergling x2  
  36  4:46  Roach  
  32  4:56  Roach  
Tags
 
Matchup
PvZ
Spawn Locations
Cross Positions
Add a new tag
Caveats
  • Supply blocks, unpowered buildings, or Contaminate may cause inaccurate times.
  • Supply counts are checked every 10 seconds.